 Dungeon Crawl Stone Soup version 0.28.0 (webtiles) character file.

Game seed: 323215907034859738

144 littlexolus the Cudgeller (level 5, -1/53 HPs)
             Began as a Troll Berserker on Feb 5, 2022.
             Was a Believer of Trog.
             Slain by a sky beast (5 damage)
             ... on level 4 of the Dungeon.
             The game lasted 00:08:23 (1314 turns).

littlexolus the Cudgeller (Troll Berserker)         Turns: 1314, Time: 00:08:24

Health: -1/53      AC:  4    Str: 27    XL:     5   Next: 5%
Magic:  4/4        EV: 10    Int:  9    God:    Trog [**....]
Gold:   126        SH:  0    Dex:  9    Spells: 4/4 levels left

rFire   . . .      SeeInvis .   p - +0 hand axe
rCold   . . .      Faith    .   (no shield)
rNeg    . . .      Spirit   .   b - +0 animal skin
rPois   .          Reflect  .   (helmet restricted)
rElec   .          Harm     .   (no cloak)
rCorr   .          Rampage  .   (gloves unavailable)
Will    .....                   (boots unavailable)
Stlth   +.........              r - amulet of regeneration
HPRegen 1.77/turn               t - +6 ring of intelligence
MPRegen 0.09/turn               (no ring)

@: no status effects
A: large, unfitting armour, claws 3, regeneration 1, shaggy fur 1, tough skin 1
a: Renounce Religion, Berserk, Trog's Hand


You were on level 4 of the Dungeon.
You worshipped Trog.
Trog was pleased with you.
You visited 1 branch of the dungeon, and saw 4 of its levels.

You collected 126 gold pieces.

Inventory:

Hand Weapons
 a - a +0 mace
 c - a +0 club
 f - a +0 hunting sling
 g - a +0 dagger
 p - a +0 hand axe (weapon)
Missiles
 h - 43 stones (quivered)
Armour
 b - a +0 animal skin (worn)
 e - a +0 leather armour
 i - a +0 pair of gloves
 j - a +0 ring mail
 n - a +0 plate armour
 q - a +0 robe
Magical Staves
 d - a staff of conjuration
Jewellery
 r - an amulet of regeneration (around neck)
 t - a +6 ring of intelligence (left claw)
Scrolls
 k - a scroll of immolation {unknown}
 l - 3 scrolls of vulnerability
 o - a scroll of holy word {unknown}
Potions
 m - a potion of haste {unknown}
 s - a potion of might {unknown}


   Skills:
 + Level 3.2 Fighting
 + Level 0.2(2.2) Axes
 + Level 4.0 Maces & Flails
 + Level 3.1 Dodging
 + Level 0.1 Stealth


You had 4 spell levels left.
You didn't know any spells.
Your spell library contained the following spells:

 Spells                   Type           Power      Damage    Failure   Level
 Sandblast                Erth           0%         2d4       38%         1
 Passwall                 Tmut/Erth      0%         N/A       52%         2
 Ozocubu's Armour         Ice            0%         N/A       77%         3
 Stone Arrow              Conj/Erth      0%         3d7       77%         3
 Metabolic Englaciation   Hex/Ice        0%         N/A       100%        5
 Simulacrum               Ice/Necr       0%         N/A       100%        6


Dungeon Overview and Level Annotations

Branches:
Dungeon (4/15)             Temple (0/1) D:4

Altars:


Innate Abilities, Weirdness & Mutations

You are too large for most types of armour.
You have claws for hands.
Your natural rate of healing is unusually fast.
You are covered in fur. (AC +1)
You have tough skin. (AC +1)


Message History

There is a fountain of clear blue water here.
You see here a jackal corpse.
There is a strange disturbance nearby!
You barely miss something. Your claw misses something. Something hits you.
* * * LOW HITPOINT WARNING * * *
Something shocks you.
* * * LOW HITPOINT WARNING * * *
Something hits you but does no damage.
There is a strange disturbance nearby!
A sky beast appears from thin air!
Reactivating autopickup.
You hit the sky beast.
The sky beast is heavily wounded.
The sky beast hits you but does no damage.
You closely miss the sky beast.
The sky beast is heavily wounded.
The sky beast hits you. The sky beast shocks you.
* * * LOW HITPOINT WARNING * * *
You barely miss the sky beast.
The sky beast is heavily wounded.
The sky beast barely misses you.
You closely miss the sky beast.
The sky beast is heavily wounded.
The sky beast hits you but does no damage. x2
You hit the sky beast.
The sky beast is severely wounded.
The sky beast hits you. The sky beast shocks you.
* * * LOW HITPOINT WARNING * * *
You hit the sky beast but do no damage.
The sky beast is severely wounded.
The sky beast hits you.
* * * LOW HITPOINT WARNING * * *
The sky beast shocks you.
* * * LOW HITPOINT WARNING * * *
You hit the sky beast.
The sky beast is almost dead.
The sky beast hits you.
* * * LOW HITPOINT WARNING * * *
The sky beast shocks you.
You die...

.# #####.# w# ##...#.#
#.# #..#... ##.## .
..###.....######...###..
...........<....#....
#..............(#
#..@...# ##.#.#.##
###Y##.###.......###
#.##.....#.⌠.#...#
#.##...#.......#..
#....#††.⌠.>.⌠...#
###....#.......#..
####...#.⌠.#....
#.........###
##...#.#.##


You could see a sky beast.

Vanquished Creatures
  A water moccasin skeleton (D:4)
  4 adders
  A worm (D:2)
  A dart slug (D:1)
  3 orcs (D:3)
  3 bats
  5 endoplasms
  2 giant cockroaches (D:1)
  10 goblins
  A hobgoblin (D:3)
  7 jackals
  2 quokkas
  3 ball pythons
  2 frilled lizards
  5 kobolds
50 creatures vanquished.

Notes
Turn   | Place    | Note
-------+----------+-------------------------------------------
     0 | D:1      | littlexolus the Troll Berserker began the quest for the
                  | Orb.
     0 | D:1      | Reached XP level 1. HP: 22/22 MP: 0/0
    54 | D:1      | Reached XP level 2. HP: 27/29 MP: 1/1
   147 | D:1      | Reached skill level 3 in Maces & Flails
   521 | D:2      | Reached XP level 3. HP: 17/36 MP: 2/2
   816 | D:3      | Reached XP level 4. HP: 36/45 MP: 3/3
   865 | D:3      | Reached ** piety under Trog
   946 | D:3      | Found a faded altar of an unknown god.
  1179 | D:4      | Found a staircase to the Ecumenical Temple.
  1210 | D:4      | Noticed a sky beast
  1238 | D:4      | Reached skill level 4 in Maces & Flails
  1238 | D:4      | Reached XP level 5. HP: 53/53 MP: 4/4
  1295 | D:4      | HP: 2/53 [something (6)]
  1314 | D:4      | Slain by a sky beast

Illustrated notes

Levels and vault maps discovered:
D:1:      minmay_arrival_stair_chambers, layout_basic, minmay_tetromino_l2
D:2:      layout_loops_ring
D:3:      layout_loops_ring, grunt_temple_overflow_order_and_chaos_2,
          nicolae_ecumenical_oubliette
D:4:      layout_loops_ring, minmay_temple_entry_sparse_star, uniq_robin,
          uniq_crazy_yiuf_cottage

Skill      XL: |  1  2  3  4 |
---------------+-------------+-----
Maces & Flails | 3 4 |  4.0
Fighting       | 3 |  3.2
Dodging        | 3 |  3.1
Axes           | |  0.2
Stealth        | |  0.1

Action                   |  1- 3 |  4- 6 || total
-------------------------+-------+-------++-------
Melee: Mace              |   105 |    31 ||   136
       Hand axe          |       |    47 ||    47
  Use: Potion            |     2 |       ||     2
       Scroll            |     2 |     1 ||     3
 Stab: Sleeping          |       |     1 ||     1
Armor: Animal skin       |    58 |    46 ||   104
Dodge: Dodged            |    67 |    54 ||   121
